 Dungeon Crawl Stone Soup version 0.26-a0-812-g31a745ddcd (webtiles) character file.

Game seed: 10561345695798753559

1129 Borgoz the Skirmisher (level 8, -6/71 HPs)
             Began as a Ghoul Monk on Dec 6, 2020.
             Was a Priest of Okawaru.
             Splashed by Ijyb's acid (11 damage)
             ... on level 5 of the Dungeon.
             The game lasted 00:08:09 (6772 turns).

Borgoz the Skirmisher (Ghoul Monk)                  Turns: 6772, Time: 00:08:09

Health: -6/71      AC:  8    Str: 15    XL:     8   Next: 35%
Magic:  6/8        EV: 16    Int:  5    God:    Okawaru [***...]
Gold:   138        SH:  0    Dex: 13    Spells: 7/7 levels left

rFire    + . .     SeeInvis .     - Unarmed
rCold    + . .     Faith    .   (no shield)
rNeg     + + +     Spirit   .   b - +1 ring mail
rPois    ∞         Reflect  .   (no helmet)
rElec    .         Harm     .   (no cloak)
rCorr    .         Rampage  .   (no gloves)
MR       .....                  (no boots)
Stlth    +++.......             (no amulet)
HPRegen  0.00/turn              f - ring of protection from fire
MPRegen  0.11/turn              (no ring)

@: heroism
A: rotting body, claws 1, cold resistance 1, negative energy resistance 3,
inhibited regeneration, torment resistance, unbreathing
a: Heroism, Renounce Religion


You were on level 5 of the Dungeon.
You worshipped Okawaru.
Okawaru was most pleased with you.
You visited 2 branches of the dungeon, and saw 6 of its levels.
You also visited: Ossuary.

You collected 162 gold pieces.
You spent 24 gold pieces at shops.

Inventory:

Armour
 b - a +1 ring mail (worn)
Jewellery
 f - a ring of protection from fire (left claw)
 l - an uncursed ring of flight
Scrolls
 a - 3 scrolls of enchant armour
 c - a scroll of fear
 d - 4 scrolls of enchant weapon
 g - 2 scrolls of remove curse
 q - a scroll of magic mapping
 r - a scroll of teleportation
Potions
 e - 3 potions of heal wounds
 h - a potion of brilliance {unknown}
 i - 5 potions of curing
 j - a potion of cancellation
 k - a potion of attraction {unknown}
 m - a potion of flight {unknown}
 n - a potion of degeneration {unknown}
 o - 2 potions of ambrosia {unknown}
 p - a potion of berserk rage {unknown}
 s - a potion of resistance {unknown}
 t - a potion of haste {unknown}


   Skills:
 * Level 6.4(11.4) Fighting
 * Level 4.4(9.4) Armour
 + Level 4.2(9.2) Dodging
 - Level 2.1(7.1) Stealth
 * Level 6.3(11.3) Unarmed Combat
 + Level 1.9 Invocations


You had 7 spell levels left.
You didn't know any spells.
Your spell library was empty.

Dungeon Overview and Level Annotations

Branches:
Dungeon (5/15)             Temple (1/1) D:4         Ossuary (visited)

Altars:
Ashenzari
Cheibriados
Dithmenos
Kikubaaqudgha
Nemelex Xobeh
Okawaru
Qazlal
Ru
Wu Jian
Xom
Yredelemnul
Zin
The Shining One

Shops:
D:5 *

Annotations:
D:4 2 runed translucent doors, lorenzova's ghost, novice DECj
D:5 Ijyb


Innate Abilities, Weirdness & Mutations

Your body is rotting away.
You thrive by killing the living.
You are immune to poison.
You have sharp fingernails.
Your flesh is cold resistant. (rC+)
You are immune to negative energy. (rN+++)
You do not regenerate when monsters are visible.
You are immune to unholy pain and torment.
You can survive without breathing.


Message History

Ijyb is moderately wounded.
Ijyb misses you.
You claw Ijyb!
Ijyb is severely wounded.
Ijyb zaps a wand.
The bolt of acid hits you!
You are splashed with acid!
You are too injured to fight recklessly!
You are too injured to fight recklessly!
You are too injured to fight recklessly!
You are too injured to fight recklessly!
You are too injured to fight recklessly!
You are too injured to fight recklessly!
You gain the combat prowess of a mighty hero.
Ijyb screams, "Me stronger than you!" Ijyb closely misses you.
You scratch Ijyb but do no damage.
Ijyb is severely wounded.
Ijyb zaps a wand.
The bolt of acid hits you!!
* * * LOW HITPOINT WARNING * * *
You are splashed with acid!
You die...

#
#.#........#.#.#.#.#.#.#.#.#
#
#.#.#.####.##...............
###
#.#.#......##.#.#.#.#.#.#.#.
..# #.#
#########............... ..#
#.# ....#.#.#.#.#.#..
..##.#.#
#######...........#.
..##.#.#
.|..................
..##.#.#
###########'###########.
<.##.#J# #......@.....# #.
..##.#.# #.#...g......# #.
..##.#h# #...##.....#
######. ..##.#.# #.....
+.....# #...... ..##.#.#
###.. #.....# #.####.
.....J.# #.. #.......
#.#.... .......# ##
###...... #.#.#.. .......#
#...... #.#.#.. .....>.#
#.#.#..


You could see Ijyb.

Vanquished Creatures
  3 ogres (D:4)
  A centaur (D:5)
  Blork the orc (D:4)
  A scorpion (D:3)
  A jelly (D:5)
  A hound (D:4)
  An orc priest (D:4)
  2 orc wizards
  2 iguanas (D:4)
  Natasha (thrice) (D:3)
  3 worker ants
  3 big kobold zombies (Ossuary)
  A mummy (Ossuary)
  A howler monkey zombie (D:5)
  6 adders
  A shadow imp (D:5)
  An ooze (D:3)
  5 worms
  5 dart slugs
  5 leopard geckos (D:1)
  15 orcs
  2 spectral bats (Ossuary)
  2 ball pythons
  6 bats
  6 giant cockroaches
  9 gnoll zombies (Ossuary)
  6 goblins
  14 hobgoblins
  12 jackals
  8 kobolds
  A quokka (D:3)
  2 bat simulacra (Ossuary)
  5 frilled lizards
  4 goblin simulacra (Ossuary)
  3 goblin zombies (Ossuary)
  9 hobgoblin zombies (Ossuary)
  A jackal skeleton (D:4)
  A kobold simulacrum (Ossuary)
  2 kobold zombies (Ossuary)
  4 orc zombies (Ossuary)
  7 rats
  2 rat simulacra (Ossuary)
  3 spectral goblins (Ossuary)
  2 spectral kobolds (Ossuary)
  2 spectral rats (Ossuary)
175 creatures vanquished.

Vanquished Creatures (others)
  15 plants (D:3)
15 creatures vanquished.

Grand Total: 190 creatures vanquished

Notes
Turn   | Place    | Note
-------+----------+-------------------------------------------
     0 | D:1      | Borgoz the Ghoul Monk began the quest for the Orb.
     0 | D:1      | Reached XP level 1. HP: 19/19 MP: 0/0
   308 | D:1      | Reached XP level 2. HP: 26/26 MP: 1/1
   388 | D:1      | Reached skill level 1 in Armour
   417 | D:1      | Reached XP level 3. HP: 33/33 MP: 2/2
  1123 | D:2      | Found a shadowy altar of Dithmenos.
  1131 | D:2      | Reached XP level 4. HP: 40/40 MP: 3/3
  1702 | D:2      | Found an iron altar of Okawaru.
  1713 | D:2      | Became a worshipper of Warmaster Okawaru
  1713 | D:2      | Reached * piety under Okawaru
  1713 | D:2      | Reached ** piety under Okawaru
  1969 | D:3      | HP: 2/40 [scorpion (4)]
  1972 | D:3      | Reached XP level 5. HP: 19/46 MP: 4/4
  2242 | D:3      | Noticed Natasha
  2252 | D:3      | Killed Natasha
  2328 | D:3      | Noticed Natasha
  2342 | D:3      | Killed Natasha
  2342 | D:3      | Reached XP level 6. HP: 19/53 MP: 5/5
  2761 | D:3      | Noticed Natasha
  2767 | D:3      | Killed Natasha
  3365 | D:4      | Reached skill level 5 in Fighting
  3386 | D:4      | Found a sand-covered staircase.
  3428 | Ossuary  | Entered an ossuary
  3763 | Ossuary  | Reached skill level 5 in Unarmed Combat
  3979 | Ossuary  | Reached XP level 7. HP: 57/61 MP: 6/6
  4472 | D:4      | Noticed Blork the orc
  4479 | D:4      | Killed Blork the orc
  4479 | D:4      | Reached *** piety under Okawaru
  4547 | D:4      | Found a broken altar of Ashenzari.
  4787 | D:4      | Reached skill level 1 in Invocations
  4956 | D:4      | Found a large runed translucent door.
  4957 | D:4      | Found a large runed translucent door.
  4958 | D:4      | Noticed lorenzova's ghost (novice DECj)
  5061 | D:4      | Found a staircase to the Ecumenical Temple.
  5079 | Temple   | Entered the Ecumenical Temple
  5421 | D:4      | Reached XP level 8. HP: 25/70 MP: 7/7
  5828 | D:5      | Entered Level 5 of the Dungeon
  6662 | D:5      | Found Puholecw's General Store.
  6689 | D:5      | Bought a scroll of identify for 24 gold pieces
  6759 | D:5      | Noticed Ijyb
  6772 | D:5      | Splashed by Ijyb's acid

Illustrated notes

Levels and vault maps discovered:
D:1:      psy_arrival_conway, layout_basic, serial_curves, eino_curves_02,
          eino_curves_01, eino_curves_02, minmay_tiny_reverse_x
D:2:      mumra_celtic_spiral_tile, layout_basic, lemuel_coloured_pillars_altar,
          nicolae_dithmenos_shadow_blocks
D:3:      layout_loops_ring, serial_bayou, serial_bayou_shore_b,
          serial_bayou_crossing, serial_bayou_lagoon_a, serial_bayou_pond_d,
          grunt_decor_fettered, uniq_natasha
D:4:      layout_gridville, evilmike_ruin_ashenzari,
          minmay_temple_entry_mini_moons, nicolae_ossuary_entry_monument,
          ebering_ghost_disaster_area, hangedman_decor_peaks_small,
          chequers_serial_rivers_small_b, uniq_blork_the_orc
D:5:      layout_basic, nicolae_overflow_crystal_walls, makhleb_grotto_becter,
          nicolae_overflow_hidden_temple, serial_shops, shop, hex_large,
          minmay_hollow_rounded_squares, uniq_ijyb, uniq_grinder
Temple:   jpeg_temple_alley_garden

Skill      XL: |  1  2  3  4  5  6  7  8 |
---------------+-------------------------+-----
Armour         | 1 2 3 4 |  4.4
Dodging        | 3 4 |  4.2
Fighting       | 4 5 6 |  6.4
Unarmed Combat | 4 5 6 |  6.3
Invocations    | 1 |  1.9
Stealth        | |  2.1

Action                   |  1- 3 |  4- 6 |  7- 9 || total
-------------------------+-------+-------+-------++-------
Melee: Unarmed           |   105 |   356 |   194 ||   655
       Punch             |     1 |     4 |     4 ||     9
Invok: Heroism           |       |       |     4 ||     4
  Use: Potion            |       |     1 |     2 ||     3
       Scroll            |       |     6 |     7 ||    13
 Stab: Sleeping          |     1 |     4 |     1 ||     6
Armor: Ring mail         |    30 |    98 |    48 ||   176
Dodge: Dodged            |    68 |   223 |   139 ||   430

Table legend: (Time is in decaauts)
 A = Elapsed time spent in this place.
 B = Non-inter-level travel time spent in this place.
 C = Inter-level travel time spent in this place.
 D = Time resting spent in this place.
 E = Time spent auto-exploring this place.
 F = Levels seen in this place.
 G = Mean time per level.
                   A        B        C        D        E       F      G
               +--------+--------+--------+--------+--------+-----+--------+
         Total |   6743 |   6593 |    150 |   1659 |   3650 |   7 |  963.3 |
       Dungeon |   5805 |   5692 |    113 |   1502 |   3166 |   5 | 1161.0 |
        Temple |    231 |    194 |     37 |      0 |    194 |   1 |  231.0 |
       Ossuary |    706 |    706 |      0 |    157 |    290 |   1 |  706.0 |
               +--------+--------+--------+--------+--------+-----+--------+

Top non-repeatable levels by time:
     D:4: 1824 daAuts
     D:3: 1260 daAuts
     D:2: 1150 daAuts
     D:1: 940 daAuts
 Ossuary: 706 daAuts
     D:5: 629 daAuts
  Temple: 231 daAuts
